 Dungeon Crawl Stone Soup version 0.26-a0-30-g56b8cd3df0 (webtiles) character file.

Game seed: 10957517298296958926, levelgen mode: deterministic

14775 vurker the Eclecticist (level 11, -2/67 HPs)
             Began as a Deep Elf Conjurer on May 30, 2020.
             Was a Priest of Vehumet.
             Killed from afar by an orc wizard (6 damage)
             ... with a magic dart
             ... on level 11 of the Dungeon.
             The game lasted 00:19:29 (12612 turns).

vurker the Eclecticist (Deep Elf Conjurer)         Turns: 12612, Time: 00:19:30

Health: -2/67      AC:  6    Str:  5    XL:     11   Next: 93%
Magic:  6/32       EV: 13    Int: 30    God:    Vehumet [***...]
Gold:   533        SH:  8    Dex: 15    Spells: 33/40 levels left

rFire    . . .     SeeInvis +   g - +5 rapier (speed)
rCold    . . .     Gourm    .   q - +3 buckler {AC+3}
rNeg     . . .     Faith    .   a - +0 robe
rPois    .         Spirit   .   (no helmet)
rElec    .         Reflect  .   (no cloak)
rCorr    .         Harm     .   n - +0 pair of gloves
MR       +....                  (no boots)
Stlth    ++........             t - amulet of magic regeneration
HPRegen  0.21/turn              p - ring of see invisible
MPRegen  0.48/turn              u - +6 ring of intelligence

@: no status effects
A: no striking features
a: Renounce Religion


You were on level 11 of the Dungeon.
You worshipped Vehumet.
Vehumet was most pleased with you.
You were not hungry.

You visited 2 branches of the dungeon, and saw 12 of its levels.

You collected 660 gold pieces.
You spent 127 gold pieces at shops.

Inventory:

Hand Weapons
 g - a +5 rapier of speed (weapon)
   (You took it off Eustachio on level 5 of the Dungeon)
Armour
 a - a +0 robe (worn)
 n - a +0 pair of gloves (worn)
   (You found it on level 6 of the Dungeon)
 q - a +3 buckler of protection (worn)
   (You bought it in a shop on level 4 of the Dungeon)
 F - the +3 scale mail of Naerph {Str+2}
   (You took it off an orc warrior on level 11 of the Dungeon)

   It affects your strength (+2).
Jewellery
 p - a ring of see invisible (left hand)
   (You found it on level 2 of the Dungeon)
 t - an amulet of magic regeneration (around neck)
   (You found it on level 4 of the Dungeon)
 u - a +6 ring of intelligence (right hand)
   (You found it on level 4 of the Dungeon)
 y - an uncursed ring of fire
   (You found it on level 8 of the Dungeon)
 A - an uncursed ring of protection from fire
   (You found it on level 9 of the Dungeon)
Wands
 c - a wand of disintegration (9)
   (You found it on level 7 of the Dungeon)
 s - a wand of polymorph (24)
   (You found it on level 5 of the Dungeon)
 w - a wand of clouds (1)
   (You found it on level 8 of the Dungeon)
 x - a wand of acid (7)
   (You found it on level 6 of the Dungeon)
Scrolls
 f - 6 scrolls of remove curse
 j - 4 scrolls of fog
 l - 3 scrolls of teleportation
 o - a scroll of random uselessness {unknown}
 r - a scroll of enchant armour
 C - a scroll of fear {unknown}
 G - a scroll of magic mapping
 H - a scroll of brand weapon {unknown}
Potions
 b - 3 potions of brilliance
 h - 3 potions of flight
 i - a potion of curing
 k - 2 potions of resistance
 m - 2 potions of magic
 v - 2 potions of haste
 z - a potion of lignification
 B - a potion of berserk rage {unknown}
 D - 2 potions of stabbing {unknown}
Comestibles
 e - 25 rations
 E - 3 chunks of flesh


   Skills:
 + Level 7.0 Fighting
 - Level 2.4 Dodging
 - Level 2.4 Stealth
 - Level 4.0 Shields
 * Level 15.0 Spellcasting
 * Level 13.3 Conjurations


You had 33 spell levels left.
You knew the following spells:

 Your Spells              Type           Power        Failure   Level  Hunger
a - Magic Dart            Conj           ####         0%          1    None
b - Searing Ray           Conj           ######       0%          2    None
c - Iskenderun's Mystic   Conj/Tloc      ######..     1%          4    None

Your spell library contained the following spells:

 Spells                   Type           Power        Failure   Level  Hunger
 Sticky Flame             Conj/Fire      ######..     1%          4    None
 Beastly Appendage        Tmut           ###...       1%          1    None
 Dazzling Flash           Conj/Hex       ######       1%          3    None
 Fulminant Prism          Conj/Hex       ######....   1%          4    None
 Sticks to Snakes         Tmut           ###.....     3%          2    None
 Spider Form              Tmut/Pois      ###.......   6%          3    None
 Ice Form                 Ice/Tmut       ###.....     21%         4    None
 Blade Hands              Tmut           ###.......   50%         5    None


Dungeon Overview and Level Annotations

Branches:
Dungeon (11/15)            Temple (1/1) D:7            Lair (0/6) D:11
    Orc: D:9-12

Altars:
Ashenzari
Cheibriados
Dithmenos
Elyvilon
Fedhas
Gozag
Hepliaklqana
Kikubaaqudgha
Makhleb
Nemelex Xobeh
Okawaru
Qazlal
Ru
Sif Muna
Trog
Uskayaw
Vehumet
Wu Jian
Xom
Yredelemnul
Zin
The Shining One

Shops:
D:4 [

Annotations:
D:8 2 transporters
D:10 2 transporters, Yorgos's ghost, journeyman GnFi


Message History

The searing ray hits the centaur warrior!
A jackal comes into view.
You block the centaur warrior's attack. The bullfrog misses you.
You erupt in a blast of force!
The mystic blast hits the centaur warrior!
The centaur warrior is knocked back by the mystic blast.
The centaur warrior slams into the stone wall!
The mystic blast hits the bullfrog!!
You kill the bullfrog!
Vehumet accepts your kill.
You feel your power returning.
The jackal barks!
You hear a shout!
The centaur warrior hits you with a +0 dagger!
* * * LOW HITPOINT WARNING * * *
An orc wizard comes into view. It is wielding a +0 battleaxe.
Aim: a centaur warrior, wielding a +0 dagger and quivering 51 arrows (severely wounded)
The searing ray hits the centaur warrior! (Press . to maintain the ray.)
The centaur warrior drinks a potion.
The centaur warrior is healed!
You block the centaur warrior's attack.
The orc wizard gestures at you while chanting.
The puff of flame hits you.
* * * LOW HITPOINT WARNING * * *
You erupt in a blast of force!
The mystic blast hits the centaur warrior!
The centaur warrior is knocked back by the mystic blast.
The centaur warrior slams into the stone wall!
Aim: a centaur warrior, wielding a +0 dagger and quivering 51 arrows (severely wounded)
The searing ray hits the centaur warrior! (Press . to maintain the ray.)
The centaur warrior hits you with a +0 dagger!
* * * LOW HITPOINT WARNING * * *
The centaur warrior hits you with a +0 dagger!
* * * LOW HITPOINT WARNING * * *
Aim: a centaur warrior, wielding a +0 dagger and quivering 51 arrows (severely wounded)
The bolt of acid hits the centaur warrior!
The centaur warrior is splashed with acid.
The acid corrodes the centaur warrior!
You kill the centaur warrior!
Vehumet accepts your kill.
You feel your power returning.
Your Fighting skill increases to level 7!
Your Spellcasting skill increases to level 15!
The orc wizard is too close now for your liking.
Aim: an orc wizard, wielding a +0 battleaxe and wearing a +0 robe The searing ray hits the orc wizard! (Press . to maintain the ray.)
The orc wizard gestures at you while chanting.
The magic dart hits you.
You die...

...........D.........)....(.#
....§....§.........(........#
..................[).[<((((.#
............................#
............)...>............
##..##.....##o.####.####.#..#
#+##########..####'## ######
.>......)(........#
........#@........#
###################


You could see an orc wizard.

Vanquished Creatures
  Josephine (D:10)
  2 hydras
  A centaur warrior (D:11)
  Joseph (D:7)
  A gargoyle (D:11)
  A yaktaur (D:11)
  A troll (D:10)
  2 hornets
  2 dream sheep (D:10)
  2 hippogriffs (D:9)
  5 wraiths (D:10)
  Eustachio (D:5)
  2 wyverns
  7 yaks (D:10)
  3 vampires
  A steam dragon (D:9)
  2 hungry ghosts
  2 wargs (D:11)
  A water moccasin (D:9)
  7 orc warriors
  A black bear (D:9)
  An eye of draining (D:8)
  2 ice beasts (D:9)
  5 sky beasts
  A necrophage (D:2)
  3 centaurs
  7 ogres
  2 phantoms
  A crocodile (D:10)
  4 big kobolds (D:10)
  8 bullfrogs
  2 scorpions
  2 water moccasin skeletons
  10 killer bees
  4 wights (D:8)
  5 howler monkeys (D:9)
  2 crimson imps
  3 jellies
  A quasit (D:6)
  2 centaur zombies
  2 hounds
  6 orc priests
  2 bullfrog skeletons
  Natasha (thrice) (D:4)
  4 centaur skeletons
  An iguana (D:11)
  10 orc wizards
  7 worker ants
  A statue (D:7)
  A killer bee zombie (D:5)
  A hound skeleton (D:4)
  A worker ant zombie (D:11)
  4 gnolls (D:10)
  8 adders
  A howler monkey skeleton (D:9)
  5 shadow imps
  2 oozes
  2 adder skeletons
  2 worms
  5 leopard geckos
  35 orcs
  3 ball pythons
  6 giant cockroaches
  5 goblins
  4 hobgoblins
  13 jackals
  10 kobolds
  2 quokkas
  A ball python zombie (D:5)
  7 bats
  4 frilled lizards
  3 quokka skeletons
  4 rats
276 creatures vanquished.

Vanquished Creatures (others)
  A hobgoblin (D:2)
1 creature vanquished.

Grand Total: 277 creatures vanquished

Notes
Turn   | Place    | Note
-------+----------+-------------------------------------------
     0 | D:1      | vurker the Deep Elf Conjurer began the quest for the Orb.
     0 | D:1      | Reached XP level 1. HP: 10/10 MP: 6/6
    83 | D:1      | Reached XP level 2. HP: 15/15 MP: 6/8
   370 | D:1      | You fall into a shaft and drop 1 floor!
   384 | D:2      | Found a shattered altar of Ashenzari.
   465 | D:2      | Reached XP level 3. HP: 14/20 MP: 1/10
   614 | D:1      | Reached skill level 4 in Spellcasting
   983 | D:1      | Reached skill level 5 in Conjurations
  1147 | D:2      | Reached skill level 1 in Fighting
  1229 | D:2      | Learned a level 2 spell: Searing Ray
  1245 | D:2      | Found a basalt altar of Yredelemnul.
  1288 | D:2      | Found an opulent altar of Gozag.
  1370 | D:2      | Reached XP level 4. HP: 25/25 MP: 8/12
  1404 | D:2      | Found a stormy altar of Qazlal.
  1491 | D:2      | Found a hide-covered altar of Uskayaw.
  1571 | D:2      | Found a faded altar of an unknown god.
  1571 | D:2      | Found a blossoming altar of Fedhas.
  1576 | D:2      | Found a faded altar of an unknown god.
  1579 | D:2      | Noticed a necrophage
  1589 | D:2      | Killed a necrophage
  1589 | D:2      | Reached skill level 5 in Spellcasting
  1589 | D:2      | Reached XP level 5. HP: 16/28 MP: 2/14
  1780 | D:2      | Found a shimmering altar of Xom.
  1781 | D:2      | Found a sacrificial altar of Ru.
  1834 | D:2      | Found a white marble altar of Elyvilon.
  3202 | D:4      | Noticed a phantom
  3212 | D:4      | Killed a phantom
  3212 | D:4      | Reached skill level 6 in Spellcasting
  3212 | D:4      | Reached XP level 6. HP: 34/34 MP: 6/17
  3454 | D:4      | Found Zypeonyv's Antique Armour Shop.
  3493 | D:4      | Bought a glowing buckler for 127 gold pieces
  3501 | D:4      | Noticed Natasha
  3506 | D:4      | Killed Natasha
  3681 | D:4      | Noticed Natasha
  3685 | D:4      | Killed Natasha
  3685 | D:4      | Reached skill level 1 in Shields
  3707 | D:4      | Noticed Natasha
  3710 | D:4      | Killed Natasha
  3833 | D:4      | Reached XP level 7. HP: 39/39 MP: 14/18
  3873 | D:4      | Found a hazy altar of Hepliaklqana.
  4091 | D:4      | Reached skill level 7 in Spellcasting
  4130 | D:5      | Entered Level 5 of the Dungeon
  4526 | D:5      | Noticed Eustachio
  4531 | D:5      | Killed Eustachio
  4797 | D:5      | Reached XP level 8. HP: 44/44 MP: 16/21
  5196 | D:6      | Reached skill level 8 in Spellcasting
  5711 | D:6      | Found a blossoming altar of Fedhas.
  5877 | D:7      | Found a shimmering blue altar of Sif Muna.
  5943 | D:7      | Reached skill level 9 in Spellcasting
  5972 | D:7      | Found a staircase to the Ecumenical Temple.
  5991 | Temple   | Entered the Ecumenical Temple
  6342 | D:7      | Found a radiant altar of Vehumet.
  6353 | D:7      | Became a worshipper of Vehumet
  6674 | D:7      | Reached XP level 9. HP: 51/51 MP: 20/24
  6749 | D:7      | Noticed Joseph
  6758 | D:7      | Killed Joseph
  7065 | D:8      | Found a transporter.
  7066 | D:8      | Found a transporter.
  7097 | D:8      | Reached skill level 10 in Spellcasting
  7558 | D:8      | Reached * piety under Vehumet
  7558 | D:8      | Offered knowledge of Shock by Vehumet.
  8092 | D:9      | Reached skill level 10 in Conjurations
  8127 | D:9      | Learned a level 4 spell: Iskenderun's Mystic Blast
  8164 | D:9      | Reached skill level 11 in Spellcasting
  8304 | D:9      | Found a shadowy altar of Dithmenos.
  8319 | D:9      | Reached XP level 10. HP: 57/57 MP: 22/27
  8627 | D:9      | Reached skill level 5 in Fighting
  9011 | D:9      | Reached skill level 12 in Spellcasting
  9464 | D:10     | Entered Level 10 of the Dungeon
  9469 | D:10     | Offered knowledge of Sandblast by Vehumet.
  9546 | D:10     | Reached ** piety under Vehumet
 10143 | D:10     | Reached skill level 13 in Spellcasting
 10433 | D:10     | Offered knowledge of Mephitic Cloud by Vehumet.
 10483 | D:10     | Noticed Josephine
 10800 | D:10     | Reached XP level 11. HP: 64/64 MP: 27/30
 10823 | D:10     | Killed Josephine
 11072 | D:10     | Noticed a three-headed hydra
 11091 | D:10     | Killed a three-headed hydra
 11239 | D:10     | Found a transporter.
 11242 | D:10     | Found a transporter.
 11242 | D:10     | Noticed a two-headed ogre
 11242 | D:10     | Identified the +7 dire flail of Benevolence {vorpal, *Drain
                  | rN++ Str+2}
 11242 | D:10     | Identified the +8 great mace "Bofab" {venom, rPois rC+ rN+
                  | MR-}
 11242 | D:10     | Noticed a two-headed ogre
 11242 | D:10     | Noticed Yorgos's ghost (journeyman GnFi)
 11244 | D:10     | Noticed a two-headed ogre
 11360 | D:11     | Noticed a skeletal warrior
 11432 | D:11     | Reached skill level 14 in Spellcasting
 11440 | D:11     | Reached *** piety under Vehumet
 11647 | D:11     | Found a staircase to the Lair.
 11932 | D:11     | Identified the +3 scale mail of Naerph {Str+2}
 11949 | D:11     | Offered knowledge of Sticky Flame by Vehumet.
 12440 | D:11     | Noticed a skeletal warrior
 12440 | D:11     | Noticed a skeletal warrior
 12530 | D:11     | Noticed a four-headed hydra
 12546 | D:11     | Killed a four-headed hydra
 12595 | D:11     | Noticed a centaur warrior
 12610 | D:11     | Killed a centaur warrior
 12610 | D:11     | Reached skill level 15 in Spellcasting
 12612 | D:11     | Killed from afar by an orc wizard

Illustrated notes

Levels and vault maps discovered:
D:1:      tarquinn_simple_flora_water_f, layout_rooms
D:2:      layout_loops_ring, ashenzari_conservatory_becter,
          overflow_temple_1_default, elyvilon_altar_4,
          chequers_temple_overflow_minitemple, grunt_gozag_breadcrumbs,
          grunt_qazlal_sundering, lemuel_doored_altar
D:3:      layout_basic
D:4:      layout_basic, marbit_many_paths, first_ration, serial_shops, shop,
          uniq_natasha
D:5:      layout_basic, uniq_eustachio
D:6:      layout_cave_pools, chequers_jeans, fedhas_altar_2
D:7:      layout_basic, vehumet_statue, led_sif_book,
          minmay_temple_entry_butterflies, uniq_joseph
D:8:      gammafunk_jiyva_shrine, layout_layer_cave
D:9:      layout_irregular_city, grunt_dithmenos_smoke
D:10:     layout_loops_ring, gammafunk_ghost_smash, hangedman_ranch
          [blue_anna_fruit_fields], uniq_josephine
D:11:     minmay_the_grid_square_5x5_5x5_mashed
          [minmay_the_grid_square_5x5_trominoes,
          minmay_the_grid_square_5x5_beaten_path,
          minmay_the_grid_square_5x5_inset,
          minmay_the_grid_square_5x5_spiral_small,
          minmay_the_grid_square_5x5_broken_cross,
          minmay_the_grid_square_5x5_almost_minimal,
          minmay_the_grid_square_5x5_prize_open,
          minmay_the_grid_square_5x5_one_wall,
          minmay_the_grid_square_5x5_prize_junk,
          minmay_the_grid_square_5x5_dogpile, minmay_the_grid_square_5x5_spiral,
          minmay_the_grid_square_5x5_comb,
          minmay_the_grid_square_5x5_prize_rear_guard,
          minmay_the_grid_square_5x5_doubleslash,
          minmay_the_grid_square_5x5_shrine1,
          minmay_the_grid_square_5x5_inner_z,
          minmay_the_grid_square_5x5_prize_open,
          minmay_the_grid_square_5x5_two_walls_b,
          minmay_the_grid_square_5x5_prize_itemx,
          minmay_the_grid_square_5x5_fat_x, minmay_the_grid_square_5x5_six,
          minmay_the_grid_square_5x5_bracketed,
          minmay_the_grid_square_5x5_checkered,
          minmay_the_grid_square_5x5_hourglass, minmay_the_grid_square_5x5_v],
          layout_gridville, erik_lair_orcish_takeover, palyth_stone_intersect
Temple:   compressed_dpeg_triangle_lava_temple

Skill      XL: |  1  2  3  4  5  6  7  8  9 10 11 |
---------------+----------------------------------+-----
Spellcasting   | 4 5 6 7 9 11 13 15 | 15.0
Conjurations   | 5 6 7 8 10 11 13 | 13.3
Fighting       | 1 2 3 4 5 7 |  7.0
Shields        | 1 2 4 |  4.0
Dodging        | |  2.4
Stealth        | |  2.4

Action                   |  1- 3 |  4- 6 |  7- 9 | 10-12 || total
-------------------------+-------+-------+-------+-------++-------
Melee: Dagger            |    12 |       |       |       ||    12
       Short sword       |       |     8 |       |       ||     8
       Rapier            |       |       |     1 |     5 ||     6
 Cast: Magic Dart        |    70 |   112 |   155 |   123 ||   460
       Searing Ray       |       |     5 |    73 |   112 ||   190
       Iskenderun's Myst |       |       |     1 |    21 ||    22
Evoke: Wand              |       |       |       |     4 ||     4
  Use: Scroll            |       |       |    14 |     3 ||    17
       Potion            |       |       |       |     4 ||     4
 Stab: Sleeping          |       |       |       |     1 ||     1
  Eat: Chunk             |     1 |     8 |    10 |    10 ||    29
       Ration            |       |       |     1 |     1 ||     2
Armor: Robe              |     2 |     4 |     9 |    23 ||    38
Dodge: Dodged            |    21 |    16 |    19 |    73 ||   129
Block: Buckler           |       |       |    18 |    57 ||    75

Table legend:
 A = Non-vault XP
 B = Vault XP
 C = Vault XP percentage of total XP
 D = Non-vault monster count
 E = Vault monster count
 F = Vault count percentage of total count
                 A         B        C        D         E       F
            +---------+---------+-------+---------+---------+-------
      Total |   10718 |   10390 |  49.2 |     228 |      48 |  17.4
            +---------+---------+-------+---------+---------+-------
        D:1 |      41 |       0 |   0.0 |      22 |       0 |   0.0
        D:2 |     221 |       0 |   0.0 |      18 |       0 |   0.0
        D:3 |      22 |       0 |   0.0 |      12 |       0 |   0.0
        D:4 |     632 |      42 |   6.2 |      27 |       2 |   6.9
        D:5 |     414 |     214 |  34.1 |      22 |       1 |   4.3
        D:6 |     902 |       0 |   0.0 |      11 |       0 |   0.0
        D:7 |     256 |     588 |  69.7 |      15 |       4 |  21.1
        D:8 |    1249 |       0 |   0.0 |      16 |       0 |   0.0
        D:9 |    2857 |       0 |   0.0 |      32 |       0 |   0.0
       D:10 |    2760 |    4320 |  61.0 |      36 |      14 |  28.0
       D:11 |    1364 |    5226 |  79.3 |      17 |      27 |  61.4
            +---------+---------+-------+---------+---------+-------
